 Dungeon Crawl Stone Soup version 0.30-a0-137-gd8773701ce (webtiles) character file.

Game seed: 5728274597271105078

72873 Flugkiller the Cleaver (level 15, -7/137 HPs)
             Began as a Ghoul Gladiator on Sept 23, 2022.
             Was a Believer of Uskayaw.
             Collided with a rock wall (18 damage)
             ... caused by a rakshasa
             ... on level 14 of the Dungeon.
             The game lasted 00:22:20 (21585 turns).

Flugkiller the Cleaver (Ghoul Gladiator)           Turns: 21585, Time: 00:22:21

Health: -7/137     AC: 29    Str: 28    XL:     15   Next: 41%
Magic:  11/18      EV:  5    Int:  2    God:    Uskayaw [**....]
Gold:   904        SH: 10    Dex: 10    Spells: 14/14 levels left

rFire   + . .      SeeInvis .    a - +9 broad axe (flame)
rCold   + . .      Faith    .    y - +0 kite shield
rNeg    + + +      Spirit   .    J - +0 crystal plate armour
rPois   ∞          Reflect  .    m - +2 helmet
rElec   .          Harm     .    f - +0 cloak
rCorr   +          Rampage  .    (no gloves)
Will    ++...                    (no boots)
Stlth   ..........               Q - amulet "Fuikhline" {rF+ Will+ Regen+ rCorr Int-5}
HPRegen 0.00/turn                p - +4 ring of protection
MPRegen 0.16/turn                H - +6 ring of strength

@: inhibited regen
A: claws 1, cold resistance 1, negative energy resistance 3, inhibited
regeneration, torment resistance 2, devour on kill
a: Renounce Religion, Stomp, Line Pass


You were on level 14 of the Dungeon.
You worshipped Uskayaw.
Uskayaw was noncommittal.
You visited 3 branches of the dungeon, and saw 20 of its levels.
You also visited: Ossuary and Bailey.

You collected 1529 gold pieces.
You spent 625 gold pieces at shops.

Inventory:

Hand Weapons
 a - a +9 broad axe of flaming (weapon)
   (You acquired it on level 10 of the Dungeon)
Missiles
 c - 13 curare-tipped darts
 e - 14 javelins
 o - 4 throwing nets (quivered)
Armour
 f - a +0 cloak (worn)
   (You found it on level 4 of the Dungeon)
 m - a +2 helmet (worn)
   (You found it on level 2 of the Dungeon)
 y - a +0 kite shield (worn)
   (You took it off a gnoll sergeant on level 8 of the Dungeon)
 E - a scarf of repulsion
   (You found it on level 8 of the Dungeon)
 J - a +0 crystal plate armour (worn)
   (You took it off an orc warrior in a bailey)
Jewellery
 b - a +6 ring of intelligence
   (You found it on level 10 of the Dungeon)
 i - a ring of see invisible
   (You found it on level 7 of the Dungeon)
 p - a +4 ring of protection (left claw)
   (You found it on level 4 of the Dungeon)
 u - a ring of fire
   (You found it on level 3 of the Dungeon)
 H - a +6 ring of strength (right claw)
   (You found it on level 5 of the Dungeon)
 L - an amulet of reflection
   (You found it on level 10 of the Dungeon)
 M - a ring of ice
   (You found it on level 2 of the Lair of Beasts)
 Q - the amulet "Fuikhline" (around neck) {rF+ Will+ Regen+ rCorr Int-5}
   (You bought it in a shop on level 6 of the Dungeon)

   [amulet of regeneration]

   Int:       It affects your intelligence (-5).
   rF:        It protects you from fire.
   Regen:     It increases your rate of health regeneration.
   rCorr:     It protects you from acid and corrosion.
   Will:      It increases your willpower.
 R - an amulet of guardian spirit
   (You found it on level 3 of the Lair of Beasts)
 S - a +6 ring of strength
   (You found it on level 14 of the Dungeon)
Wands
 w - a wand of charming (4)
   (You found it on level 4 of the Lair of Beasts)
 x - a wand of flame (24)
   (You found it on level 11 of the Dungeon)
 K - a wand of iceblast (16)
   (You found it on level 8 of the Dungeon)
 O - a wand of acid (10)
   (You found it on level 10 of the Dungeon)
Scrolls
 g - 4 scrolls of poison
 j - 5 scrolls of fear
 l - 6 scrolls of fog
 r - 7 scrolls of identify
 s - 4 scrolls of immolation
 t - 10 scrolls of teleportation
 v - a scroll of brand weapon
 z - 5 scrolls of blinking
 A - 6 scrolls of magic mapping
 C - 4 scrolls of vulnerability
 D - 8 scrolls of summoning
 I - 7 scrolls of enchant armour
Potions
 d - 6 potions of might
 h - 8 potions of haste
 k - 2 potions of flight
 n - a potion of resistance
 q - 6 potions of curing
 B - 3 potions of cancellation
 F - 2 potions of invisibility
 G - 4 potions of attraction
 N - 2 potions of ambrosia
Miscellaneous
 P - a box of beasts
   (You found it on level 12 of the Dungeon)


   Skills:
 + Level 13.8 Fighting
 * Level 14.8 Axes
 - Level 1.7 Throwing
 + Level 10.8 Armour
 - Level 2.6 Dodging
 + Level 10.3 Shields
 - Level 6.0 Invocations
 - Level 6.0 Evocations


You had 14 spell levels left.
You didn't know any spells.
Your spell library contained the following spells:

 Spells                   Type           Power      Damage    Failure   Level
 Sting                    Tmut/Pois      0%         1d3       100%        1
 Ensorcelled Hibernation  Hex/Ice        0%         N/A       100%        2
 Passwall                 Tmut/Erth      0%         N/A       100%        2
 Poisonous Vapours        Pois/Air       0%         N/A       100%        2
 Static Discharge         Conj/Air       0%         2-2/arc   100%        2
 Call Canine Familiar     Summ           0%         N/A       100%        3
 Ignite Poison            Fire/Tmut/Pois 0%         N/A       100%        3
 Mephitic Cloud           Conj/Pois/Air  0%         N/A       100%        3
 Portal Projectile        Hex/Tloc       0%         N/A       100%        3
 Swiftness                Air            0%         N/A       100%        3
 Leda's Liquefaction      Hex/Erth       0%         N/A       100%        4
 Olgreb's Toxic Radiance  Pois           0%         N/A       100%        4
 Arcjolt                  Conj/Air       0%         1d10      100%        5
 Freezing Cloud           Conj/Ice/Air   0%         6-21      100%        5
 Lightning Bolt           Conj/Air       0%         1d11      100%        5
 Maxwell's Capacitive Co  Air            0%         ∞         100%        8


Dungeon Overview and Level Annotations

Branches:
Dungeon (14/15) Zot: 26681  Temple (1/1) D:5 Zot: 5809    Lair (5/5) D:9 Zot: 23807
  Swamp (0/4) Lair:2        Snake (0/4) Lair:2        Slime (0/5) Lair:4
    Orc (0/2) D:11         Vaults (0/5) D:14        Ossuary (visited)
 Bailey (visited)

Altars:
Ashenzari
Cheibriados
Dithmenos
Fedhas
Gozag
Hepliaklqana
Kikubaaqudgha
Makhleb
Nemelex Xobeh
Okawaru
Qazlal
Sif Muna
Trog
Uskayaw
Vehumet
Wu Jian
Xom
Yredelemnul
Jiyva

Shops:
D:6 [*(

Portals:
Hell: Lair:5

Annotations:
D:4 Dowan, Duvessa
D:12 3 runed translucent doors, qborf's ghost, journeyman DsBr
Lair:1 exclusion: oklob plant
Lair:4 2 transporters


Innate Abilities, Weirdness & Mutations

You are immune to poison.
You have sharp fingernails.
Your flesh is cold resistant. (rC+)
You are immune to negative energy. (rN+++)
You do not regenerate when monsters are visible.
You are immune to unholy pain and torment.
You thrive by killing the living.


Message History

The flame cauterises the wound!
You slash the five-headed hydra! You burn the five-headed hydra.
You kill the five-headed hydra!
You closely miss the fire elemental. You block the fire elemental's attack.
The rakshasa blinks!
You barely miss the fire elemental. You completely miss the fire elemental.
The fire elemental hits you. x2; The fire elemental burns you!
You resist.
The deep elf pyromancer points at you and mumbles some strange words.
The bolt of fire hits the fire elemental.
The fire elemental completely resists.
The bolt of fire hits you. You resist.
The fire elemental hits you. x2; The fire elemental burns you!
You resist.
You are too injured to fight recklessly!
You are too injured to fight recklessly!
You barely miss the fire elemental. You completely miss the fire elemental.
The fire elemental hits you. The fire elemental burns you! You resist.
You block the fire elemental's attack.
You slash the fire elemental!
The fire elemental is moderately damaged.
You slash the fire elemental!
You block the fire elemental's attack. x2
You slice the fire elemental!!
You destroy the fire elemental!
The fire elemental disappears in a puff of smoke!
You barely miss the fire elemental. The fire elemental hits you.
The fire elemental burns you! You resist.
You block the fire elemental's attack.
You closely miss the deep elf pyromancer.
You slash the fire elemental!
The deep elf pyromancer hits you but does no damage.
The fire elemental hits you.
You are too injured to fight recklessly!
You hit the deep elf pyromancer but do no damage.
You slash the fire elemental!
The deep elf pyromancer points at you and mumbles some strange words.
The sticky flame hits you but does no damage.
You are covered in liquid flames!
The fire elemental hits you. The fire elemental burns you! You resist.
You are too injured to fight recklessly!
You hit the deep elf pyromancer. You burn the deep elf pyromancer.
The deep elf pyromancer is moderately wounded.
You slash the fire elemental!
You destroy the fire elemental!
The fire elemental disappears in a puff of smoke!
You are covered in liquid flames!
The deep elf pyromancer hits you with a +0 rapier.
The rakshasa blinks!
You are too injured to fight recklessly!
You slash the deep elf pyromancer! You burn the deep elf pyromancer.
You kill the deep elf pyromancer!
The deep elf pyromancer's corpse shimmers and vanishes!
You slash the deep elf pyromancer! You burn the deep elf pyromancer.
You are covered in liquid flames!
* * * LOW HITPOINT WARNING * * *
You are no longer on fire.
You block the deep elf pyromancer's attack.
You closely miss the deep elf pyromancer.
The deep elf pyromancer is moderately wounded.
The deep elf pyromancer mumbles some strange words.
The deep elf pyromancer blinks!
Aiming: Grand Finale
Press: ? - help, Shift-Dir - straight line, f - deep elf pyromancer
Aim: a deep elf pyromancer, wielding a +0 rapier and wearing a +0 scale mail (moderately wounded)
The deep elf pyromancer explodes violently!
You blow up the deep elf pyromancer!
You slice the rakshasa!! You burn the rakshasa!
The rakshasa is heavily wounded.
The rakshasa hits you but does no damage.
You barely miss the rakshasa.
The rakshasa is moderately wounded.
You block the rakshasa's attack.
You closely miss the rakshasa.
The rakshasa is moderately wounded.
The rakshasa hits you but does no damage.
You closely miss the rakshasa.
The rakshasa is moderately wounded.
The rakshasa hits you with a +0 long sword!
* * * LOW HITPOINT WARNING * * *
You slash the rakshasa! You burn the rakshasa.
The rakshasa is severely wounded.
The injured rakshasa weaves a defensive illusion!
The rakshasa hits you with a +0 long sword.
* * * LOW HITPOINT WARNING * * *
The rakshasa hits you with a +0 long sword.
* * * LOW HITPOINT WARNING * * *
You can now pass through a line of other dancers.
You slice the rakshasa!! You burn the rakshasa.
You kill the rakshasa!
The rakshasa shimmers and vanishes!
You hit the rakshasa but do no damage.
The rakshasa hits you with a +0 long sword.
* * * LOW HITPOINT WARNING * * *
The rakshasa gestures at you. You block the lance of force.
You miss the rakshasa.
The rakshasa is severely wounded.
You block the rakshasa's attack. The rakshasa gestures at you.
The lance of force hits you!
* * * LOW HITPOINT WARNING * * *
You are knocked back by the lance of force.
You slam into the rock wall!
You die...

#....#
#........
##.R.#
#.####### ##†.#
##.# #+
##R#####..# ...
##))##...##
....
##.R.##.###
.....##).()...#
.............##
.......@...###
############


You could see 2 rakshasas.

Vanquished Creatures
  4 vault guards (D:14)
  A hell beast (Lair:5)
  8 hydras
  4 centaur warriors (D:14)
  5 boulder beetles
  A catoblepas (Lair:5)
  2 two-headed ogres
  4 skeletal warriors (D:14)
  Sonja (D:10)
  3 lindwurms
  A bog body (Lair:2)
  A wizard (Lair:5)
  4 deep elf pyromancers
  2 orc knights (Bailey)
  3 cyclopes
  2 ugly things
  2 manticores (D:13)
  12 elephants
  9 black mambas
  3 gargoyles
  13 cane toads
  A torpor snail (Lair:4)
  5 kobold demonologists
  11 rime drakes
  A freezing wraith (D:14)
  A yaktaur (D:13)
  12 komodo dragons
  2 unseen horrors
  A red devil (Lair:5)
  A hellwing (Lair:5)
  5 trolls
  4 ice devils (Lair:5)
  3 meliai (D:14)
  2 polar bears (shapeshifter) (D:13)
  2 raiju (D:10)
  17 blink frogs
  2 hornets (D:9)
  A blink frog (shapeshifter) (D:14)
  4 slime creatures (D:13)
  A dream sheep (Lair:5)
  35 yaks
  7 wraiths
  A shadow (D:11)
  3 basilisks
  A vampire (D:9)
  5 wyverns
  4 steam dragons (D:10)
  A fire elemental (D:10)
  5 vampire mosquitoes
  A naga (Lair:2)
  An acid dragon (D:9)
  13 water moccasins
  5 hell hounds (Lair:5)
  9 orc warriors
  3 sky beasts
  2 ice beasts (D:6)
  31 wolves
  3 ogres
  8 centaurs
  2 phantoms
  3 kobold brigands
  3 necrophages
  5 bullfrogs
  2 gnoll sergeants
  2 scorpions
  11 wights
  2 troll zombies (D:11)
  4 killer bees (D:11)
  7 howler monkeys
  5 electric eels
  3 jellies
  9 hounds
  10 orc priests
  10 orc wizards
  5 iguanas
  6 ogre zombies (D:11)
  2 mummies (Ossuary)
  9 adders
  9 gnolls
  An ufetubus (D:6)
  6 adder zombies (Ossuary)
  2 worms
  2 dart slugs (D:2)
  52 orcs
  6 endoplasms
  4 giant cockroaches
  2 gnoll zombies (Ossuary)
  9 goblins
  6 hobgoblins
  16 jackals
  3 quokkas
  4 ball pythons
  4 bats
  A frilled lizard (D:3)
  4 goblin skeletons (D:11)
  3 goblin zombies (D:11)
  A hobgoblin skeleton (D:11)
  6 hobgoblin zombies
  13 kobolds
  6 kobold zombies (Ossuary)
  20 orc zombies
  A rat (D:2)
  2 rat zombies (D:4)
582 creatures vanquished.

Vanquished Creatures (others)
  An orc wizard (D:6)
  A bush (Lair:4)
  19 fungi
  18 plants
  8 toadstools (Lair:3)
47 creatures vanquished.

Grand Total: 629 creatures vanquished

Notes
Turn   | Place    | Note
-------+----------+-------------------------------------------
     0 | D:1      | Flugkiller the Ghoul Gladiator began the quest for the Orb.
     0 | D:1      | Reached XP level 1. HP: 17/17 MP: 0/0
   685 | D:1      | Found a faded altar of an unknown god.
   737 | D:2      | Reached skill level 3 in Axes
   737 | D:2      | Reached XP level 2. HP: 22/25 MP: 1/1
  1151 | D:2      | Reached XP level 3. HP: 25/31 MP: 2/2
  1613 | D:3      | Found a bloodstained altar of Trog.
  1667 | D:3      | Reached XP level 4. HP: 35/39 MP: 3/3
  1944 | D:3      | Found an opulent altar of Gozag.
  2079 | D:3      | Found an ancient bone altar of Kikubaaqudgha.
  2409 | D:4      | Noticed a sky beast
  2804 | D:4      | Noticed a necrophage
  2813 | D:4      | Killed a necrophage
  2814 | D:4      | Reached skill level 4 in Axes
  2814 | D:4      | Reached XP level 5. HP: 43/47 MP: 4/4
  2844 | D:4      | Noticed an ogre
  2941 | D:4      | Killed a sky beast
  2942 | D:4      | Reached skill level 5 in Fighting
  2942 | D:4      | Reached XP level 6. HP: 28/56 MP: 5/5
  3034 | D:4      | Found a sand-covered staircase.
  3041 | Ossuary  | Entered an ossuary
  3555 | D:4      | Reached skill level 5 in Axes
  3921 | D:4      | Noticed Duvessa
  3921 | D:4      | Noticed Dowan
  4196 | D:5      | Entered Level 5 of the Dungeon
  4693 | D:5      | Reached skill level 1 in Armour
  4693 | D:5      | Reached XP level 7. HP: 47/62 MP: 6/6
  5394 | D:5      | Found a staircase to the Ecumenical Temple.
  5702 | Temple   | Entered the Ecumenical Temple
  5946 | D:5      | Reached XP level 8. HP: 66/71 MP: 7/7
  6085 | D:5      | Reached skill level 6 in Axes
  6442 | D:6      | Found Rize's Retail Resort.
  6447 | D:6      | Noticed a +0 dagger
  6449 | D:6      | Noticed a +0 falchion
  6451 | D:6      | Noticed a +0 falchion
  6452 | D:6      | Noticed a +0 short sword
  6452 | D:6      | Noticed a +0 spear
  6452 | D:6      | Noticed a +0 spear
  6453 | D:6      | Noticed a +0 short sword
  6454 | D:6      | Noticed a +0 dagger
  6460 | D:6      | Found a hide-covered altar of Uskayaw.
  6495 | D:6      | Became a worshipper of Uskayaw the Reveller
  6552 | D:6      | Reached * piety under Uskayaw
  6553 | D:6      | Reached ** piety under Uskayaw
  6650 | D:6      | Found Hivastro's Antique Armour Boutique.
  7003 | D:6      | Reached *** piety under Uskayaw
  7252 | D:6      | Reached skill level 7 in Axes
  7252 | D:6      | Reached XP level 9. HP: 24/81 MP: 8/8
  7532 | D:6      | Found an iron altar of Okawaru.
  7573 | D:6      | Found Baageodgh's Weapon Boutique.
  7973 | D:7      | Reached skill level 5 in Armour
  8763 | D:8      | Found a flagged portal.
  8786 | D:8      | Noticed a troll
  8790 | D:8      | Reached **** piety under Uskayaw
  8794 | D:8      | Reached ***** piety under Uskayaw
  8797 | D:7      | Killed a troll
  8798 | D:7      | Reached skill level 8 in Axes
  9036 | D:8      | Reached XP level 10. HP: 90/91 MP: 9/9
  9062 | Bailey   | Entered a bailey
  9276 | Bailey   | Noticed an orc knight
  9277 | Bailey   | Noticed an orc knight
  9290 | Bailey   | Killed an orc knight
  9291 | Bailey   | Reached skill level 9 in Axes
  9316 | Bailey   | Reached ****** piety under Uskayaw
  9317 | Bailey   | Killed an orc knight
  9688 | D:8      | Reached skill level 10 in Fighting
  9736 | D:8      | Found a shadowy altar of Dithmenos.
  9898 | D:8      | Found a hazy altar of Hepliaklqana.
 10258 | D:9      | Reached skill level 10 in Axes
 10295 | D:9      | Found a staircase to the Lair.
 10348 | D:9      | Found a snail-covered altar of Cheibriados.
 10405 | D:9      | Reached XP level 11. HP: 88/101 MP: 10/10
 10744 | D:9      | Identified the +2 ring mail "Ynnefaff" {rN+ Regen+}
 11053 | D:10     | Entered Level 10 of the Dungeon
 11073 | D:10     | Noticed Sonja
 11081 | D:10     | Killed Sonja
 11082 | D:10     | Reached skill level 11 in Axes
 11648 | D:10     | Noticed a deep elf pyromancer
 11658 | D:10     | Killed a deep elf pyromancer
 11774 | D:10     | Identified the +9 mace of Change {venom, MP+9}
 11949 | D:10     | Reached XP level 12. HP: 34/111 MP: 4/11
 12339 | D:10     | Identified a scroll of acquirement
 12340 | D:10     | Acquired a +0 antimagic broad axe
 12595 | D:11     | Found a staircase to the Orcish Mines.
 12599 | D:11     | Reached skill level 1 in Invocations
 12601 | D:11     | Reached skill level 1 in Evocations
 12699 | D:11     | Noticed a boulder beetle
 12714 | D:11     | Killed a boulder beetle
 13121 | D:11     | Noticed a soul eater
 13435 | Lair:1   | Entered Level 1 of the Lair of Beasts
 13454 | Lair:1   | Found a radiant altar of Vehumet.
 13789 | Lair:1   | Reached skill level 5 in Invocations
 14432 | Lair:2   | Reached skill level 5 in Evocations
 14524 | Lair:2   | Noticed an eight-headed hydra
 14536 | Lair:2   | Killed a three-headed hydra
 14537 | Lair:2   | Reached skill level 1 in Shields
 14784 | Lair:2   | Found a staircase to the Snake Pit.
 14802 | Lair:2   | Found a staircase to the Swamp.
 15016 | Lair:2   | Noticed a seven-headed hydra
 15022 | Lair:2   | Killed a four-headed hydra
 15023 | Lair:2   | Reached skill level 5 in Shields
 15023 | Lair:2   | Reached XP level 13. HP: 99/117 MP: 16/16
 16003 | Lair:3   | Reached skill level 12 in Axes
 16123 | Lair:3   | Found a runed translucent door.
 16962 | Lair:4   | Found a staircase to the Slime Pits.
 16962 | Lair:4   | Found a viscous altar of Jiyva.
 17103 | Lair:4   | Found a transporter.
 17108 | Lair:4   | Found a transporter.
 17216 | Lair:4   | Found a runed translucent door.
 17938 | Lair:5   | Entered Level 5 of the Lair of Beasts
 18006 | Lair:5   | Reached XP level 14. HP: 127/127 MP: 17/17
 18016 | Lair:5   | Reached skill level 13 in Axes
 18939 | Lair:5   | Reached skill level 10 in Armour
 18941 | Lair:5   | Found a burning altar of Makhleb.
 19181 | Lair:5   | Found a gateway to Hell.
 19665 | D:12     | Noticed qborf's ghost (journeyman DsBr)
 19719 | D:12     | Identified the +10 shortbow "Xeguj" {freeze, rC+}
 19782 | D:12     | Found a runed translucent gate.
 19782 | D:12     | Found a runed translucent gate.
 19783 | D:12     | Found a runed translucent gate.
 19912 | D:12     | Reached skill level 14 in Axes
 19919 | D:12     | Found a radiant altar of Vehumet.
 20630 | D:13     | Reached XP level 15. HP: 130/136 MP: 18/18
 21042 | D:6      | Bought the amulet "Fuikhline" {rF+ Will+ Regen+ rCorr
                  | Int-5} for 625 gold pieces
 21289 | D:14     | Reached skill level 10 in Shields
 21534 | D:14     | Found a gate to the Vaults.
 21585 | D:14     | Collided with a rock wall

Illustrated notes

Levels and vault maps discovered:
D:1:      roderic_lyre, layout_basic, shapermc_ecumenical_altar_petra,
          due_unseen_surprise
D:2:      layout_rooms
D:3:      layout_loops_ring, marbit_many_paths,
          mainiacjoe_overflow_catch_the_wave
D:4:      layout_cave_pods, enter_ossuary_4, uniq_duvessa
D:5:      layout_layer_cave, minmay_temple_entry_statues
D:6:      layout_basic, mainiacjoe_overflow_big_doors,
          nicolae_uskayaw_en_pointe, serial_shops,
          nicolae_shop_bloodbath_and_beyond, kennysheep_little_box,
          nicolae_alphabet_shops
D:7:      layout_basic, nicolae_overflow_hidden_temple, minmay_misc_feat_room,
          david_defended_altar_orc
D:8:      layout_rooms, grunt_dithmenos_smoke_and_mirrors,
          mainiacjoe_overflow_paths, enter_bailey_5
D:9:      layout_basic, mainiacjoe_overflow_alcove_4, erik_lair_island
D:10:     layout_rooms, dilly_guarded_unrand_elemental_staff, uniq_sonja
D:11:     layout_loops_ring, zombieorc2_lemuel
D:12:     layout_small_grid, maelrawn_ghost_gauntlet_escape, fiery_altar_vehumet
D:13:     layout_roguey
D:14:     layout_loops_ring, lightli_vaults_fourway_checkpoint,
          nicolae_burly_brawl
Temple:   minmay_temple_bridge_abc
Lair:1:   beast_lair_carwin_large_2, layout_long_grid, lemuel_oklob_altar
Lair:2:   layout_cave_pods, skrybe_swamp_entry_bodies,
          guppyfry_snake_entry_garden, chequers_serial_rivers_micro_d
Lair:3:   gammafunk_lair_enchanted_lake, layout_hall_layers,
          infiniplex_staircase_pool_2
Lair:4:   gammafunk_boulding_lane, layout_loops_ring, slime_entry_1,
          pf_torpor_hydra
Lair:5:   evil_forest, layout_regular_city, st_stairs_10,
          nicolae_quartered_pool_little

Skill      XL: |  1  2  3  4  5  6  7  8  9 10 11 12 13 14 15 |
---------------+----------------------------------------------+-----
Axes           | 3 4 5 7 8 10 11 12 14 | 14.8
Fighting       | 3 4 5 6 7 9 10 11 12 13 | 13.8
Armour         | 1 2 4 6 7 8 9 10 | 10.8
Invocations    | 6 |  6.0
Evocations     | 6 |  6.0
Shields        | 5 8 9 10 | 10.3
Throwing       | |  1.7
Dodging        | |  2.6

Action                   |  1- 3 |  4- 6 |  7- 9 | 10-12 | 13-15 || total
-------------------------+-------+-------+-------+-------+-------++-------
Melee: War axe           |    94 |   184 |   308 |   254 |       ||   840
       Punch             |       |     3 |     2 |     4 |       ||     9
       Battleaxe         |       |       |    37 |    17 |       ||    54
       Broad axe         |       |       |       |   180 |   518 ||   698
Throw: Throwing net      |       |       |     1 |       |       ||     1
Invok: Stomp             |       |       |       |     2 |       ||     2
       Grand Finale      |       |       |       |       |     1 ||     1
Evoke: Wand              |       |       |     4 |     7 |       ||    11
  Use: Scroll            |       |    15 |     6 |    13 |     6 ||    40
       Potion            |       |     6 |     2 |     2 |       ||    10
 Stab: Paralysed         |       |       |     5 |    49 |    59 ||   113
       Invisible         |       |       |       |     6 |       ||     6
       Petrified         |       |       |       |       |     7 ||     7
Armor: Leather armour    |    33 |    42 |       |       |       ||    75
       Chain mail        |       |     8 |   292 |    48 |       ||   348
       Crystal plate arm |       |       |       |   390 |   404 ||   794
Dodge: Dodged            |    78 |   104 |   219 |   177 |    82 ||   660
Block: Other             |       |       |       |    57 |    17 ||    74
       Reflection        |       |       |       |     2 |     5 ||     7
       Kite shield       |       |       |       |       |   353 ||   353

Table legend: (Time is in decaauts)
 A = Elapsed time spent in this place.
 B = Non-inter-level travel time spent in this place.
 C = Inter-level travel time spent in this place.
 D = Time resting spent in this place.
 E = Time spent auto-exploring this place.
 F = Levels seen in this place.
 G = Mean time per level.
                   A        B        C        D        E       F      G
               +--------+--------+--------+--------+--------+-----+--------+
         Total |  21905 |  20516 |   1389 |   5987 |  10449 |  22 |  995.7 |
       Dungeon |  14504 |  13481 |   1023 |   3806 |   6991 |  14 | 1036.0 |
        Temple |    190 |    168 |     22 |      0 |    161 |   1 |  190.0 |
          Lair |   6192 |   5848 |    344 |   1633 |   3192 |   5 | 1238.4 |
       Ossuary |    408 |    408 |      0 |    215 |     72 |   1 |  408.0 |
        Bailey |    608 |    608 |      0 |    333 |     32 |   1 |  608.0 |
               +--------+--------+--------+--------+--------+-----+--------+

Top non-repeatable levels by time:
     D:5: 1667 daAuts
     D:4: 1557 daAuts
  Lair:5: 1495 daAuts
  Lair:2: 1433 daAuts
    D:10: 1432 daAuts
     D:6: 1372 daAuts
     D:7: 1350 daAuts
  Lair:3: 1336 daAuts
     D:3: 1242 daAuts
  Lair:4: 1110 daAuts
     D:9: 1110 daAuts
     D:1: 1076 daAuts
    D:11: 1055 daAuts
  Lair:1: 817 daAuts
    D:12: 764 daAuts
